Cogmind - Beta 13 @@@ ROGUE MODE // 2024.03.31 @ 16:17:27 Player: Andronian Result: Self-destructed Performance ------------- Evolutions (1) 500 Regions Visited (3) 600 Robots Destroyed (14) 70 Value Destroyed (224) 224 Prototype IDs (0) 0 Alien Tech Used (0) 0 Bonus (0) 0 TOTAL SCORE: 1394 Bonus ------- None Cogmind --------- Core Integrity 200/400 Matter 153/300 Energy 250/250 System Corruption 0% Temperature Cool (0) Movement Core (300) Ox5 Location -9/Materials Parts ------- > --- POWER (1) -------- Ion Engine > --- PROPULSION (3) --- (None) > --- UTILITY (3) ------ Medium Storage Unit Structural Scanner > --- WEAPON (2) ------- Small Laser Datajack > --- INVENTORY (10) --- Small Storage Unit Large Matter Pod (43) Peak State ------------ > --- POWER ------------ Light Ion Engine > --- PROPULSION ------- Wheel Wheel > --- UTILITY ---------- Small Storage Unit Tractor Beam > --- WEAPON ----------- Assault Rifle Assault Rifle > --- INVENTORY -------- (None) [Rating: 7] Favorites ----------- Power Light Ion Engine Engine Light Ion Engine Propulsion Wheel Wheel Wheel Utility Medium Storage Unit Device Tractor Beam Storage Medium Storage Unit Weapon Assault Rifle Energy Gun Small Laser Ballistic Gun Assault Rifle Launcher Rocket Launcher Special Melee Weapon Datajack Build | -11 -10 -10 -9 ------- Run | Yrd Mat Min Mat Slots Evolved 2 | . . . 2 Power . | . . . . Propulsion 1 | . . . 1 Utility 1 | . . . 1 Weapon . | . . . . Parts Attached 16 | 6 1 5 4 Power 2 | 1 . . 1 Engine 2 | 1 . . 1 Core . | . . . . Reactor . | . . . . Propulsion 3 | 2 . 1 . Treads . | . . . . Leg . | . . . . Wheel 3 | 2 . 1 . Hover . | . . . . Flight . | . . . . Utility 4 | 1 1 1 1 Device 2 | . 1 . 1 Storage 2 | 1 . 1 . Processor . | . . . . Hackware . | . . . . Protection . | . . . . Artifact . | . . . . Weapon 7 | 2 . 3 2 Energy Gun 1 | . . . 1 Energy Cannon . | . . . . Ballistic Gun 4 | 2 . 2 . Ballistic Cannon . | . . . . Launcher 1 | . . 1 . Special Weapon . | . . . . Impact Weapon . | . . . . Slashing Weapon . | . . . . Piercing Weapon . | . . . . Special Melee Weapon 1 | . . . 1 Unidentified Prototypes . | . . . . Parts Lost 8 | . . 4 4 Power 1 | . . 1 . Propulsion 3 | . . 1 2 Utility 1 | . . 1 . Weapon 3 | . . 1 2 Highest Loss Streak 4 | . . 3 4 To Critical Strikes . | . . . . Average Slot Usage (%) 79 | . 97 84 55 Engine 10 | . 14 10 8 Wheel 24 | . 28 26 14 Device 5 | . 11 5 1 Storage 13 | . 14 14 11 Ballistic Gun 22 | . 28 23 17 Launcher 2 | . . 3 . Naked Turns . | . . . . Heaviest Build 19 | 12 13 19 19 Greatest Support 20 | 20 20 20 20 Greatest Overweight (x) 5 | 2 . 1 5 Average Overweight (x) . | . . . . Largest Inventory Capacity 10 | 8 8 10 10 Average Capacity 8 | 7 8 9 10 Most Carried 6 | 1 1 6 5 Average Carried 2 | . . 4 4 Final Capacity 10 | 8 8 10 10 Final Carried 5 | . 1 5 2 Class Distribution -------------------- 100% | Mutant Dominant Class ---------------- Mutant | -10/Materials Mutant | -10/Mines Mutant | -9/Materials Resources | -11 -10 -10 -9 ----------- Run | Yrd Mat Min Mat Matter Collected 420 | 260 . 160 . Remotely 52 | . . 52 . Salvage Created 305 | . . 227 78 Parts 20 | . . 10 10 Haulers Intercepted . | . . . . Recyclers Shooed . | . . . . Parts Field Recycled . | . . . . Retrieved Matter . | . . . . Parts Self-Destructed . | . . . . Prevented . | . . . . Kills | -11 -10 -10 -9 ------- Run | Yrd Mat Min Mat Combat Hostiles Destroyed 11 | . . 7 4 Guns 6 | . . 2 4 AOE 5 | . . 5 . Classes Destroyed 7 | . . 5 2 Builder 1 | . . 1 . Tunneler 3 | . . 3 . Recycler 1 | . . 1 . Watcher 1 | . . . 1 Swarmer 4 | . . . 4 Grunt 4 | . . 4 . Assembled 3 | . . 3 . Best Kill Streak 10 | . . 10 5 Combat Bots Only 5 | . . 5 4 Max Kills in Single Turn 5 | . . 5 1 Gunslinging . | . . . . Exploded 3 | . . 3 . Melee . | . . . . Uniques/NPCs Destroyed . | . . . . Combat | -11 -10 -10 -9 -------- Run | Yrd Mat Min Mat Hostile Shots Fired 108 | . 6 12 90 Missed 37 | . 2 6 29 Damage Taken 1128 | . 30 530 568 Core 404 | . . 204 200 Absorbed by Shields . | . . . . Core Remaining (%) 59 | 100 . 18 . Volleys Fired 30 | . 1 13 16 Largest 2 | . 2 2 2 Hottest 60 | . 40 40 60 Shots Fired 46 | . 2 18 26 Gun 37 | . 2 9 26 Cannon . | . . . . Launcher 9 | . . 9 . Special . | . . . . Kinetic 35 | . 2 9 24 Thermal 2 | . . . 2 Explosive 9 | . . 9 . Electromagnetic . | . . . . Robot Hit Streak 8 | . . 8 2 Robot Miss Streak 3 | . . 2 3 Penetration Max . | . . . . Secondary Targets 4 | . . 1 3 Max Gunslinging Chain 1 | . . 1 1 Shots Hit Robots 20 | . . 9 11 Core Hits 24 | . . 17 7 Critical Kills . | . . . . Critical Parts Destroyed . | . . . . Critical Strikes . | . . . . Melee Attacks . | . . . . Impact . | . . . . Slashing . | . . . . Piercing . | . . . . Sneak Attacks . | . . . . Combat Hostiles . | . . . . Follow-up Attacks . | . . . . Damage Inflicted 870 | . . 690 180 Guns 272 | . . 92 180 Cannons . | . . . . Explosions 598 | . . 598 . Melee . | . . . . Ramming . | . . . . Kinetic 262 | . . 92 170 Thermal 10 | . . . 10 Explosive 598 | . . 598 . Electromagnetic . | . . . . Impact . | . . . . Slashing . | . . . . Piercing . | . . . . Highest Corruption 17 | . . 17 . Average Corruption 9 | . . 9 . Corruption Purged . | . . . . Corruption Blocked . | . . . . Effects 7 | . . 7 . Message Errors 2 | . . 2 . Heat Flow Errors 2 | . . 2 . Data Loss (minor) 2 | . . 2 . Misfires 1 | . . 1 . Overload Shots . | . . . . Overflow Damage 32 | . . 32 . Projectiles . | . . . . Explosions 32 | . . 32 . Melee . | . . . . Knockbacks . | . . . . Impact . | . . . . Kinetic . | . . . . Secondary . | . . . . Self-Inflicted Damage 59 | . . 59 . Shots 3 | . . 3 . Rammed . | . . . . Targets Rammed . | . . . . Kicked . | . . . . Crushed . | . . . . Highest Temperature 199 | . . 199 6 Average Temperature 70 | . . 80 5 Received Heat Transfer 69 | . . 6 63 Siege Activations . | . . . . Robots Corrupted . | . . . . Combat Hostiles . | . . . . Parts Fried . | . . . . Impact Corruptions . | . . . . Robots Melted . | . . . . Combat Hostiles . | . . . . Parts Melted . | . . . . Heat Transferred 25 | . . . 25 Parts Sabotaged . | . . . . Parts Stolen . | . . . . Parts Stripped . | . . . . Power Chain Reactions . | . . . . Alert | -11 -10 -10 -9 ------- Run | Yrd Mat Min Mat Peak Influence 151 | . 22 151 140 Initial 48 | . . 8 48 Average 37 | . 2 59 81 Maximum Alert Level . | . . . . Low Security (%) 100 | 100 100 100 100 Level 1 . | . . . . Level 2 . | . . . . Level 3 . | . . . . Level 4 . | . . . . Level 5 . | . . . . High Security . | . . . . Max Security . | . . . . Squads Dispatched 1 | . . . 1 Investigation . | . . . . Extermination . | . . . . Reinforcement 1 | . . . 1 Assault . | . . . . Garrison . | . . . . Intercept . | . . . . Searches Triggered . | . . . . Construction Impeded . | . . . . Haulers Reinforced . | . . . . Active Scanning Responses . | . . . . Cargo Convoy Interrupts . | . . . . Stealth | -11 -10 -10 -9 --------- Run | Yrd Mat Min Mat Distress Signals 2 | . 1 . 1 Communications Jammed . | . . . . Distress Signals . | . . . . Times Spotted 23 | . 5 7 11 Peak Tracking Total 8 | . 6 4 8 Tactical Retreats . | . . . . Traps | -11 -10 -10 -9 ------- Run | Yrd Mat Min Mat Traps Triggered . | . . . . Indirectly . | . . . . Trap Hack Attempts . | . . . . Triggered . | . . . . Disarmed . | . . . . Reprogrammed . | . . . . Reused . | . . . . Traps Extracted . | . . . . Installed . | . . . . Triggered . | . . . . Machines | -11 -10 -10 -9 ---------- Run | Yrd Mat Min Mat Machines Disabled . | . . . . Max in Single Turn . | . . . . Machines Repaired . | . . . . Machines Dismantled . | . . . . Machines Sabotaged . | . . . . Overloaded Fab Kills . | . . . . Hacking | -11 -10 -10 -9 --------- Run | Yrd Mat Min Mat Machines Accessed 1 | . 1 . . Terminals 1 | . 1 . . Fabricators . | . . . . Repair Stations . | . . . . Recycling Units . | . . . . Scanalyzers . | . . . . Garrison Access . | . . . . Total Hacks 3 | . 3 . . Successful 1 | . 1 . . Failed 2 | . 2 . . Catastrophic . | . . . . Database Lockouts . | . . . . Manual . | . . . . Terminals 3 | . 3 . . Fabricators . | . . . . Repair Stations . | . . . . Recycling Units . | . . . . Scanalyzers . | . . . . Garrison Access . | . . . . Terminal Hacks 1 | . 1 . . Branch Access Points 1 | . 1 . . Fabricator Hacks . | . . . . Repair Station Hacks . | . . . . Recycling Unit Hacks . | . . . . Scanalyzer . | . . . . Garrison Access Hacks . | . . . . Unauthorized Hacks . | . . . . Terminals . | . . . . Fabricators . | . . . . Repair Stations . | . . . . Recycling Units . | . . . . Scanalyzers . | . . . . Garrison Access . | . . . . Data Cores Recovered . | . . . . Used . | . . . . Hacking Detections 1 | . 1 . . Full Trace Events . | . . . . Feedback Events . | . . . . Feedback Blocked . | . . . . Robot Schematics Acquired . | . . . . Robots Built . | . . . . Authchips . | . . . . Time . | . . . . Total Robot Build Rating . | . . . . Part Schematics Acquired . | . . . . Parts Built . | . . . . Authchips . | . . . . Time . | . . . . Total Part Build Rating . | . . . . Parts Repaired . | . . . . Time . | . . . . Parts Recycled . | . . . . Recycled Matter . | . . . . Retrieved Matter . | . . . . Retrieved Components . | . . . . Parts Scanalyzed . | . . . . Part Schematics Acquired . | . . . . Parts Damaged . | . . . . Bothacking | -11 -10 -10 -9 ------------ Run | Yrd Mat Min Mat Used RIF Installer . | . . . . Robots Hacked . | . . . . Non-combat . | . . . . Combat . | . . . . Robot Hacks Applied . | . . . . Relay Couplers Released . | . . . . Fabnet Peak Effective % . | . . . . Robots Rewired . | . . . . Allies Hacked . | . . . . Hacks Repelled . | . . . . Allies | -11 -10 -10 -9 -------- Run | Yrd Mat Min Mat Total Allies . | . . . . Largest Group . | . . . . Highest-Rated Group . | . . . . Highest-Rated Ally . | . . . . Total Orders . | . . . . Ally Attacks . | . . . . Total Damage . | . . . . Kills . | . . . . Allies Corrupted . | . . . . Allies Melted . | . . . . Intel | -11 -10 -10 -9 ------- Run | Yrd Mat Min Mat Robot Analysis Total . | . . . . Derelict Logs Recovered 1 | . . 1 . Drone Launches . | . . . . Drone Recoveries . | . . . . Exploration | -11 -10 -10 -9 ------------- Run | Yrd Mat Min Mat Turns Passed 593 | 191 60 256 86 Spaces Moved 426 | 52 68 260 46 Core 10 | 9 . . 1 Treads . | . . . . Legs . | . . . . Wheels 416 | 43 68 260 45 Hover . | . . . . Flight . | . . . . Fastest Speed 50 | 50 80 80 80 Average Speed 81 | 80 80 80 84 Slowest Speed 300 | 150 80 95 300 Overloaded Moves . | . . . . Propulsion Burnouts . | . . . . Robots Hopped . | . . . . Cave-ins Triggered 1 | . . 1 . Exploration Rate (%) 13 | 4 22 19 9 Regions Visited 3 Branch Regions 1 Pre-discovered Areas . | . . . . Known Exits Taken 1 | . 1 . . Unknown Exits Taken 2 | 1 . 1 . Scrap Searched 2 | . . 2 . Spaces Dug 8 | . . 8 . Terrain Destroyed 63 | . . 63 . Melee . | . . . . Projectile . | . . . . AOE 63 | . . 63 . Terrain Rammed . | . . . . Walls Destroyed . | . . . . Machines Disabled . | . . . . Actions | -11 -10 -10 -9 --------- Run | Yrd Mat Min Mat Total 622 | 198 70 288 66 Wait 144 | 140 . 4 . Move 423 | 51 67 259 46 Hop . | . . . . Pick Up 7 | 1 1 5 . Fast Attach 7 | 5 1 . 1 Attach 8 | 1 . 4 3 Detach 2 | . . 2 . Swap 1 | . . 1 . Drop . | . . . . Fire 30 | . 1 13 16 Melee . | . . . . Ram . | . . . . Kick . | . . . . Crush . | . . . . Escape Stasis . | . . . . Rewire . | . . . . Trap . | . . . . Miscellaneous . | . . . . Route ------- -11/Scrapyard -10/Materials (discovered 2 exits: *Min x2) -10/Mines -9/Materials History --------- Turn | Location | Event 34 | -11/Scrapyard | Discovered new exit (range 15) 192 | -11/Scrapyard | Entered Materials 242 | -10/Materials | Identified exit to Mines 252 | -10/Materials | Entered Mines 252 | -10/Mines | Discovered new exit (range 9) 259 | -10/Mines | Received a Rocket Launcher from a helpful Derelict 318 | -10/Mines | Build established: Mutant 334 | -10/Mines | Learned Materials garrison access intel 343 | -10/Mines | Excavation squad dispatched 343 | -10/Mines | A large section of the Mines collapsed 445 | -10/Mines | Crushed by falling debris 445 | -10/Mines | Core integrity fell below 50% 445 | -10/Mines | Core integrity fell below 20% 445 | -10/Mines | System corruption reached 10% 476 | -10/Mines | Lost 3 parts (1p1n1w) 508 | -10/Mines | Entered Materials 508 | -9/Materials | Evolved 2 slots: Propulsion x1, Utility x1 594 | -9/Materials | Self-destructed Last Messages --------------- reinforcements to Terminal M004. 00558_ S-10 Pest destroyed. 00558_ Switching to secondary target: S-10 Pest. 00565_ Wheel destroyed. 00567_ S-10 Pest destroyed. 00567_ Switching to secondary target: Y-45 Defender. 00569_ Assault Rifle destroyed. 00571_ U-05 Engineer destroyed. 00573_ K-01 Serf collects debris. 00575_ S-10 Pest destroyed. 00575_ Switching to secondary target: S-10 Pest. 00578_ S-10 Pest destroyed. 00588_ K-01 Serf collects debris. 00589_ Assault Rifle destroyed. Bump into an enemy to attack with the active melee weapon. Even while active, melee weapons do not fire together with ranged weapons in the same volley. 00592_ K-01 Serf collects debris. Map ----- +----------------------------------------------------+ | ???????????????????????????????????????????????? | | ???????????????????????????????????????????????? | | ???????????????????????????????????????????????? | | ???????????????????????????????????????????????? | | ???????????????????????????????????????????????? | | ???????????????????????????????????????????????? | | ???????????????????????????????????????????????? | | ???????????????????????????????????????????????? | | ???????????????????????????????????????????????? | | ???????????????????????????????????????????????? | | ??????????????????? # =[???????????????????????? | | ??????????????????? #=%!#??????????????????????? | | ??????????????????? #%s%#??????????????????????? | | #?????????????????? #*= #??????????????????????? | | ????????????????? + #??????????????????????? | | ????????????????? # #??????????????????????? | | ????????????????? # ###########????????????? | | ????????????????? # ########## ????????????? | | ????????????????? # # ????????????? | | #?????????????????## # ????????????? | | #??????? ########## # ????????????? | | #################### # ????????????? | | k ^ # ????????? | | ##+######?????? | | ^ *% ##?????? | | @ ! ==w ##?????? | | =%! *%= Y ##?????? | | ^ ####################### # ?????? | | ####################### ????????? | | ##########+#####??????????????????????????????? | | #?????# #??????????????????????????????? | | #?????# #??????????????????????????????? | | #?????# #??????????????????????????????? | | ##?????# * #??????????????????????????????? | | ???????# ** #??????????????????????????????? | | ???????# ** #??????????????????????????????? | | ???????# #??????????????????????????????? | | ???????# #??????????????????????????????? | | ???????# #??????????????????????????????? | | ???????##########??????????????????????????????? | | ???????????????????????????????????????????????? | | ???????????????????????????????????????????????? | | ???????????????????????????????????????????????? | | ???????????????????????????????????????????????? | | ???????????????????????????????????????????????? | | ???????????????????????????????????????????????? | | ???????????????????????????????????????????????? | | ???????????????????????????????????????????????? | | | | | +----------------------------------------------------+ Best States ------------- Heat Dissipation 28 Energy Generation 10 Energy Capacity 250 Matter Stores 300 Matter Capacity 300 Sight Range 16 Terrain Scan Density 10 Evasion (%) 44 Item Schematics ----------------- None Robot Schematics ------------------ None Fabricated ------------ Nothing Alien Tech Used ----------------- None Achievements -------------- Maybe Next Time I'll Detach My Launcher Unlikely Earthworm Challenges ------------ None Game ------ Seed MiningRelayFacilitator Manual? 0 Play Time 00:12:37 Cumulative 2.4 hours Start 2024.03.31 @ 16:04:20 End 2024.03.31 @ 16:17:27 Sessions 1 Manual Loads 0 Difficulty Rogue Special Mode None Game No. 2 Rogue 1 Adventurer 1 Explorer 0 Win Type - Total 0 Types 0/0/0/0/0/0/0/0/0 Lore% 3 Gallery% 8 Achievement% 10 Wizard Run 0 Options --------- Layout 1 ASCII 0 Keyboard 0 Movement Mouse Keybinds 0 Fullscreen 2 Font 32/SmallcapsGlow Map View 50x35 Zoom Use 0% Tactical HUD 1 Map Filters NONE Filters NONE Steam 1 RUN: 223b09d0-8672-4ce3-8163-5a3fc417ea55